AoeStats
← 化劲省二

Pilgrims

507464903Analyzed
4v4 RM · 15d ago on Sep 18, 2026· 45m 28s· 8 players
Game mode
Random Map
Map size
Large (8 player)
Population
200
Speed
Normal
Resources
Standard
Victory
Conquest
Starting age
Dark Age
Ending age
Imperial Age
RankedLock teamsTeams togetherTeam positionsShared explorationLock speedFull tech treeHidden civsTurbo modeCheats
Victory
Defeat
🇧🇷 Turks · Brazil
1525
+15
🇨🇳 Slavs · China
1481
+16
🇹🇼 Koreans · Taiwan
1473
+17
🇫🇷 Persians · France
1469
+17
🇨🇳 Wu · China
1684
-23
🇨🇳 Spanish · China
1575
-19
🇨🇳 Cumans · China
1541
-18
🇨🇳 Burmese · China
1163
-5
悠律
2:40 Loom
10:41 Feudal Age
11:24 Double-Bit Axe
18:41 Castle Age
20:44 Scale Barding Armor
20:54 Gold Mining
21:53 Fletching
25:59 Bodkin Arrow
28:38 Wheelbarrow
29:05 Red Cliffs Tactics
30:02 Town Watch
38:25 Imperial Age
36:45 Ballistics
39:08 Bracer
40:11 Chemistry
39:50 Elite Fire Archer
41:40 Hand Cart
灰色的鱼
10:49 Loom
13:00 Feudal Age
11:18 Loom
13:44 Double-Bit Axe
13:55 Gold Mining
16:26 Castle Age
14:42 Fletching
17:22 Medium Warships
17:29 Bow Saw
17:19 Bodkin Arrow
18:28 Wheelbarrow
22:40 Fishing Lines
27:57 Clinker Construction
28:22 Horse Collar
29:14 Heavy Plow
30:23 Hand Cart
29:53 Town Watch
33:04 Stone Mining
36:01 Murder Holes
36:26 Ballistics
39:39 Imperial Age
37:43 Scale Barding Armor
39:27 Forging
39:36 Bloodlines
39:26 Husbandry
39:43 Cavalier
40:48 Chain Barding Armor
40:39 Forging
40:53 Conscription
41:09 Hoardings
42:12 Plate Barding Armor
43:44 Iron Casting
化劲省二
4:15 Loom
8:26 Loom
10:54 Feudal Age
15:05 Castle Age
12:54 Fishing Lines
15:42 Stone Mining
18:00 Wheelbarrow
21:32 Gillnets
23:48 Ballistics
31:14 Gold Mining
32:16 Town Watch
36:21 Bloodlines
36:13 Husbandry
37:36 Gold Shaft Mining
38:00 Hand Cart
Mineer_Valus
5:31 Loom
10:57 Feudal Age
14:46 Castle Age
14:00 Double-Bit Axe
15:20 Fishing Lines
16:19 Town Watch
18:16 Bow Saw
19:40 Horse Collar
27:16 Wheelbarrow
28:40 Fletching
28:51 Padded Archer Armor
29:34 Bodkin Arrow
29:30 Elite Skirmisher
Jambonbeurre
9:31 Loom
11:33 Feudal Age
12:26 Fishing Lines
15:19 Castle Age
13:21 Double-Bit Axe
14:02 Gold Mining
16:02 Bow Saw
16:06 Medium Warships
19:07 Gold Shaft Mining
24:16 Stone Mining
28:40 Bloodlines
28:21 Horse Collar
31:05 Scale Barding Armor
32:08 Chain Barding Armor
33:40 Forging
37:57 Husbandry
41:03 Imperial Age
39:43 Wheelbarrow
40:43 Cavalier
42:01 Plate Barding Armor
41:50 Scale Mail Armor
42:25 Iron Casting
44:27 Hand Cart
44:12 Savar
Voxer El Brazilian
8:22 Loom
10:11 Feudal Age
11:40 Double-Bit Axe
12:42 Fletching
18:20 Castle Age
16:27 Fishing Lines
17:20 Horse Collar
17:34 Gold Mining
19:14 Medium Warships
18:59 Bodkin Arrow
20:07 Gillnets
20:43 Ballistics
21:34 Clinker Construction
22:01 Careening
22:34 Bow Saw
24:11 Wheelbarrow
25:24 Hand Cart
30:02 Imperial Age
27:30 Horse Collar
27:44 Stone Mining
30:22 Padded Archer Armor
32:33 Two-Man Saw
32:45 Heavy Warships
32:48 Leather Archer Armor
32:19 Elite Cannon Galleon
34:30 Ring Archer Armor
35:01 Conscription
34:59 Town Watch
36:00 Artillery
36:58 Elite Janissary
41:16 Masonry
40:49 Treadmill Crane
41:45 Hoardings
43:28 Architecture
騷護士
2:40 Loom
9:49 Feudal Age
15:48 Castle Age
16:38 Fletching
31:43 Double-Bit Axe
32:50 Wheelbarrow
36:01 Bodkin Arrow
37:06 Horse Collar
40:17 Hand Cart
44:08 Imperial Age
42:43 Bow Saw
43:52 Fishing Lines
45:22 Town Watch
knife
6:19 Loom
11:57 Feudal Age
12:35 Double-Bit Axe
17:30 Castle Age
15:47 Gold Mining
16:23 Fishing Lines
18:31 Medium Warships
18:12 Gillnets
19:32 Wheelbarrow
19:08 Bow Saw
18:38 Horse Collar
19:39 Clinker Construction
19:12 Horse Collar
22:22 Heavy Plow
24:54 Wheelbarrow
24:07 Town Watch
28:53 Imperial Age
27:21 Forging
27:12 Scale Mail Armor
28:36 Hand Cart
28:21 Man-at-Arms
29:01 Squires
29:18 Chain Mail Armor
29:39 Iron Casting
30:14 Heavy Warships
29:36 Long Swordsman
31:43 Plate Mail Armor
30:39 Two-Handed Swordsman
31:34 Capped Ram
34:08 Blast Furnace
33:29 Caravan
33:16 Champion
34:41 Siege Ram
36:04 Druzhina
38:05 Conscription
39:45 Detinets
40:37 Ballistics
41:18 Chemistry
40:10 Fletching
41:02 Bodkin Arrow
41:08 Padded Archer Armor
40:57 Elite Boyar
41:44 Scale Barding Armor
41:05 Onager
43:10 Chain Barding Armor
43:06 Leather Archer Armor
44:56 Two-Man Saw
44:33 Plate Barding Armor
44:00 Husbandry
44:48 Gold Shaft Mining
45:25 Bloodlines
Connection lost

Rejoining the realm…

Still unreachable

The connection could not be restored.

Session expired

The server has moved on; the page needs a fresh start.